 Dungeon Sprint DCSS version 0.27.0-1-g7a089689b8 (webtiles) character file.

Game seed: 17322615147750661460

1124 sasquatch the Basher (level 8, -1/65 HPs)
             Began as a Demonspawn Berserker on Aug 6, 2021.
             Was an Elder of Trog.
             Slain by a demonic crawler (2 damage)
             ... in the Dungeon (Sprint I: "Red Sonja").
             The game lasted 00:01:42 (775 turns).

sasquatch the Basher (Demonspawn Berserker)          Turns: 775, Time: 00:01:43

Health: -1/65      AC:  4    Str: 19    XL:     8   Next: 13%
Magic:  8/8        EV: 12    Int: 10    God:    Trog [****..]
Gold:   283        SH:  0    Dex: 12    Spells: 7/7 levels left

rFire    . . .     SeeInvis .   a - +0 mace
rCold    . . .     Faith    .   (no shield)
rNeg     + . .     Spirit   .   i - +2 robe {rN+}
rPois    .         Reflect  .   (no helmet)
rElec    .         Harm     .   (no cloak)
rCorr    .         Rampage  .   (gloves unavailable)
Will     .....     NoTele   +   (no boots)
Stlth    +.........             (no amulet)
HPRegen  0.20/turn              (no ring)
MPRegen  0.11/turn              (no ring)

@: on berserk cooldown, slowed, very slow
A: claws 3, spiny 1
a: Renounce Religion, Berserk, Trog's Hand, Brothers in Arms


You were in the Dungeon.
You worshipped Trog.
Trog was greatly pleased with you.
You visited 1 branch You collected 283 gold pieces.

Inventory:

Hand Weapons
 a - a +0 mace (weapon)
Armour
 i - a +2 robe of positive energy (worn)
Scrolls
 b - a scroll of amnesia {unknown}
 h - a scroll of blinking
Potions
 c - a potion of curing
 d - a potion of heal wounds
 e - a potion of haste
 f - 2 potions of magic
 g - a potion of berserk rage


   Skills:
 - Level 6.5 Fighting
 * Level 14.5 Maces & Flails
 - Level 3.1 Armour
 - Level 3.3 Dodging


You had 7 spell levels left.
You didn't know any spells.
Your spell library was empty.

Dungeon Overview and Level Annotations

Branches:
Dungeon (1/1)

Altars:
Makhleb
Sif Muna
Vehumet
Wu Jian
Xom
Jiyva
Lugonu


Innate Abilities, Weirdness & Mutations

You have claws for hands.
You are partially covered in sharp spines.


Message History

The ice devil disappears in a puff of smoke!
The chaos spawn degenerates into a cloud of primal chaos!
Your Maces & Flails skill increases to level 14!
You have reached level 8!
You feel clever.
You start waiting.
Your skin stops crawling.
You feel less strong-willed.
Unknown command.
You start waiting.
You feel a strong urge to attack something.
You start waiting.
You are no longer berserk.
You are exhausted.
You feel yourself slow down.
Items here: )) [[ ††.
You open the door. 4 demonic crawlers come into view.
The demonic crawler gives a hideous shriek! x3
The demonic crawler hits you but does no damage.
The demonic crawler hits you. The demonic crawler hits you!
You're still recovering from your berserk rage.
You barely miss the demonic crawler. The demonic crawler hits you. x2
The demonic crawler completely misses you.
The demonic crawler barely misses you. The demonic crawler hits you.
The demonic crawler hits you!
Unknown command.
The demonic crawler misses you.
The demonic crawler hits you but does no damage.
The demonic crawler barely misses you.
Items here: )) [[ ††.
The demonic crawler hits you. x3; The demonic crawler closely misses you.
The demonic crawler barely misses you. The demonic crawler hits you!
* * * LOW HITPOINT WARNING * * *
The demonic crawler hits you but does no damage. x2
The demonic crawler barely misses you.
There is an open door, spattered with blood here.
The demonic crawler hits you!
* * * LOW HITPOINT WARNING * * *
The demonic crawler closely misses you. The demonic crawler hits you.
You die...

#######################
#..').#..'..#__#@.sss.#
').#..'[.#..'..'.s#...##+#
#####'#####'#__####...'..#
# #..# #.#### #####..+ #
#### ##.# ## # #+#_.+ #
+..._# # #_.#+# ##+#


You could see 4 demonic crawlers.

Vanquished Creatures
  2 kobold demonologists (D)
  A slime creature (D)
  Sigmund (D)
  A floating eye (D)
  An ogre (D)
  A jelly (D)
  Ijyb (D)
8 creatures vanquished.

Notes
Turn   | Place    | Note
-------+----------+-------------------------------------------
     0 | D        | sasquatch the Demonspawn Berserker began the quest for the
                  | Orb.
     0 | D        | Reached XP level 1. HP: 18/18 MP: 1/1
     1 | D        | Noticed Ijyb
    13 | D        | Killed Ijyb
    14 | D        | Reached skill level 4 in Maces & Flails
    14 | D        | Gained mutation: You are partially covered in sharp spines.
                  | [demonic ancestry]
    14 | D        | Reached XP level 2. HP: 26/26 MP: 2/2
    64 | D        | Noticed an ogre
    68 | D        | Killed an ogre
    69 | D        | Reached skill level 5 in Maces & Flails
    69 | D        | Gained mutation: You have sharp fingernails. [demonic
                  | ancestry]
    69 | D        | Reached XP level 3. HP: 28/35 MP: 3/3
    69 | D        | Gained mutation: You have very sharp fingernails. [demonic
                  | ancestry]
    69 | D        | Reached XP level 4. HP: 33/41 MP: 4/4
   209 | D        | Noticed Sigmund
   222 | D        | Killed Sigmund
   222 | D        | Reached ** piety under Trog
   223 | D        | Reached skill level 9 in Maces & Flails
   223 | D        | Reached XP level 5. HP: 20/47 MP: 5/5
   223 | D        | Reached XP level 6. HP: 23/53 MP: 6/6
   453 | D        | Found a shimmering blue altar of Sif Muna.
   454 | D        | Found an ornate altar of the Wu Jian Council.
   455 | D        | Found a radiant altar of Vehumet.
   461 | D        | Reached skill level 10 in Maces & Flails
   469 | D        | Found a viscous altar of Jiyva.
   469 | D        | Found a corrupted altar of Lugonu.
   469 | D        | Noticed a slime creature
   470 | D        | Found a burning altar of Makhleb.
   470 | D        | Found a shimmering altar of Xom.
   479 | D        | Killed a slime creature
   480 | D        | Reached skill level 11 in Maces & Flails
   740 | D        | Noticed a kobold demonologist
   740 | D        | Noticed a floating eye
   740 | D        | Noticed a kobold demonologist
   741 | D        | Noticed a ynoxinul
   744 | D        | Killed a floating eye
   744 | D        | Reached *** piety under Trog
   745 | D        | Reached skill level 12 in Maces & Flails
   745 | D        | Gained mutation: You have claws for hands. [demonic
                  | ancestry]
   745 | D        | Reached XP level 7. HP: 59/59 MP: 7/7
   749 | D        | Noticed a sun demon
   749 | D        | Noticed an ice devil
   753 | D        | Noticed a ynoxinul
   753 | D        | Noticed a chaos spawn
   754 | D        | Killed a kobold demonologist
   755 | D        | Reached skill level 13 in Maces & Flails
   761 | D        | Noticed a rust devil
   762 | D        | Killed a kobold demonologist
   762 | D        | Reached **** piety under Trog
   763 | D        | Reached skill level 14 in Maces & Flails
   763 | D        | Reached XP level 8. HP: 65/65 MP: 8/8
   769 | D        | Noticed a demonic crawler
   769 | D        | Noticed a demonic crawler
   769 | D        | Noticed a demonic crawler
   769 | D        | Noticed a demonic crawler
   775 | D        | HP: 1/65 [demonic crawler (10)]
   775 | D        | Slain by a demonic crawler

Illustrated notes

Levels and vault maps discovered:
D:        dungeon_sprint_1 [red_sonja_temple_1, red_sonja_temple_small_1]

Skill      XL: |  1  2  3  4  5  6  7 |
---------------+----------------------+-----
Fighting       | 4 6 |  6.5
Maces & Flails | 4 5 9 12 14 | 14.5
Armour         | 2 3 |  3.1
Dodging        | 2 3 |  3.3

Action                   |  1- 3 |  4- 6 |  7- 9 || total
-------------------------+-------+-------+-------++-------
Melee: Mace              |    12 |    20 |    18 ||    50
Invok: Berserk           |     2 |     3 |       ||     5
       Trog's Hand       |       |     1 |       ||     1
Armor: Skin              |     4 |       |       ||     4
       Animal skin       |     1 |       |       ||     1
       Robe              |       |       |     7 ||     7
Dodge: Dodged            |       |    11 |    10 ||    21
